 Dungeon Crawl Stone Soup version 0.22-a0-456-g11ed031 (webtiles) character file.

861 galech the Skirmisher (level 8, -1/126 HPs)
             Began as an Ogre Berserker on June 6, 2018.
             Was a Priest of Trog.
             Splashed by a jelly's acid (10 damage)
             ... on level 5 of the Dungeon.
             The game lasted 00:08:08 (5034 turns).

galech the Skirmisher (Ogre Berserker)              Turns: 5034, Time: 00:08:09

Health: -1/126     AC: -17   Str: 29    XL:     8   Next: 2%
Magic:  8/8        EV: 11    Int:  8    God:    Trog [***...]
Gold:   156        SH:  0    Dex:  8    Spells: 7/7 levels left

rFire    . . .     SeeInvis .   a - +0 mace
rCold    . . .     Gourm    .   (no shield)
rNeg     . . .     Faith    .   b - +0 animal skin
rPois    .         Spirit   .   (helmet restricted)
rElec    .         Reflect  .   r - scarf {cloud immunity}
rCorr    .         Harm     .   (gloves unavailable)
MR       ++...                  (boots unavailable)
Stlth    ..........             d - amulet of regeneration
HPRegen  1.71/turn              (no ring)
MPRegen  0.11/turn              (no ring)

@: berserking, lethally poisoned (-1 -> -1), corroded, regenerating, very quick
A: large, unfitting armour, tough skin 1
a: Berserk, Trog's Hand, Renounce Religion


You were on level 5 of the Dungeon.
You worshipped Trog.
Trog was most pleased with you.
You were not hungry.

You visited 1 branch of the dungeon, and saw 5 of its levels.
You also visited: Sewer.

You collected 156 gold pieces.

Inventory:

Hand Weapons
 a - a +0 mace (weapon)
Armour
 b - a +0 animal skin (worn)
 r - a scarf of cloud immunity (worn)
Jewellery
 d - an amulet of regeneration (around neck)
 A - an uncursed amulet of harm {unknown}
Wands
 y - a wand of paralysis (16)
Scrolls
 f - 3 scrolls of teleportation
 m - 2 scrolls of remove curse
 n - a scroll of amnesia
 p - 4 scrolls of immolation
 q - 2 scrolls of blinking
 t - 2 scrolls of enchant weapon
 v - a scroll of random uselessness
 x - a scroll of noise
Potions
 e - a potion of cancellation {unknown}
 g - 2 potions of lignification {unknown}
 h - a potion of berserk rage {unknown}
 i - 3 potions of curing {unknown}
 j - a potion of might {unknown}
 l - a potion of invisibility {unknown}
 o - 2 potions of resistance
 s - 4 potions of heal wounds
 w - a potion of ambrosia
 z - 3 potions of flight
Comestibles
 c - 9 rations


   Skills:
 + Level 6.8 Fighting
 + Level 6.1 Maces & Flails
 + Level 4.7 Dodging
 + Level 1.2 Stealth


You had 7 spell levels left.
You didn't know any spells.
Your spell library was empty.

Dungeon Overview and Level Annotations

Branches:
Dungeon (5/15)
 Temple: D:4-7

Altars:
Zin
The Shining One


Innate Abilities, Weirdness & Mutations

You are too large for most types of armour.
You have tough skin. (AC +1)


Message History

The jelly is lightly wounded.
The worker ant barely misses you. The jelly barely misses you.
You hit the jelly but do no damage.
Your hands burn!
* * * LOW HITPOINT WARNING * * *
The jelly is lightly wounded.
You feel sick. The worker ant bites you.
* * * LOW HITPOINT WARNING * * *
You are more poisoned.
The worker ant poisons you! The jelly barely misses you.
You hit the jelly but do no damage.
Your hands burn!
* * * LOW HITPOINT WARNING * * *
The jelly is lightly wounded.
You feel sick. The worker ant misses you.
You sock the jelly!
Your hands burn!
* * * LOW HITPOINT WARNING * * *
The jelly is severely wounded.
You feel sick. The jelly hits you.
* * * LOW HITPOINT WARNING * * *
The acid corrodes you!
You are splashed with acid!
The acid burns!
You die...

,,,*,,,,,,,,*,,,,,* #.....#.
,,,*+****#################.....#.
,,,,,,,,,...!..................#.
,,,,,,,,,......................#.
,,,,,,,,,......................#.
,,,,,,,,,..........>...........#.
,,,,,,,,,......................#.
,,,,,,,,,......a.......#########.
,,,,,,,,,......J@......#,,,,,,*#.
,,,,,,,,,......###+#####,,,,,,##.
,,,,,,,,,.....,*,,,,,,*,,,,,,,#..
,,,,,,,,,....,,*,,,,,,*,,,,..,#..
,,,,,,,,,...,,,*,,,,,,*,,,,,..#..
,,,,,,,,,..,,,,**,,,,,**<,,*#.##.
*********#....,,********,,,##.##.
,,,*,,,,,#......*,,,,,,,,,,#.....
,,,*,,,,,#......+,,,,,,,,,,#.....


You could see a jelly and a worker ant.

Vanquished Creatures
  Sigmund (D:2)
  The ghost of RedSatellite the Poker, an amateur MfSk of Qazlal (D:4)
  An ogre (D:4)
  A big kobold (Sewer)
  A hound (D:4)
  An orc priest (D:4)
  2 orc wizards (D:4)
  An iguana (D:4)
  A worker ant (D:4)
  A hound skeleton (D:5)
  4 gnolls (D:2)
  6 river rats
  6 adders
  A shadow imp (D:5)
  An ooze (D:5)
  An adder zombie (D:5)
  3 adder skeletons (D:4)
  5 worms
  2 dart slugs (D:1)
  2 leopard geckos (D:3)
  5 orcs (D:4)
  A giant cockroach (D:2)
  3 goblins
  9 hobgoblins
  8 jackals (D:4)
  3 kobolds
  A quokka (D:4)
  2 ball pythons
  2 bats (D:1)
  2 frilled lizards
  5 rats
83 creatures vanquished.

Notes
Turn   | Place    | Note
-------+----------+-------------------------------------------
     0 | D:1      | galech the Ogre Berserker began the quest for the Orb.
     0 | D:1      | Reached XP level 1. HP: 24/24 MP: 1/1
   420 | D:1      | Reached XP level 2. HP: 18/33 MP: 2/2
  1398 | D:2      | Reached XP level 3. HP: 40/40 MP: 3/3
  1409 | D:2      | Reached XP level 4. HP: 44/49 MP: 4/4
  1473 | D:2      | Noticed Sigmund
  1488 | D:2      | Killed Sigmund
  1488 | D:2      | Reached skill level 5 in Fighting
  1488 | D:2      | Reached XP level 5. HP: 11/57 MP: 5/5
  2399 | D:3      | Found a faded altar of an unknown god.
  2417 | D:3      | Reached XP level 6. HP: 43/66 MP: 6/6
  2746 | D:3      | Reached ** piety under Trog
  3011 | D:3      | Found a glowing silver altar of Zin.
  3011 | D:3      | Noticed an angel
  3282 | D:4      | Noticed RedSatellite's ghost (amateur MfSk)
  3294 | D:4      | Killed RedSatellite's ghost
  3294 | D:4      | Reached skill level 5 in Maces & Flails
  3321 | D:4      | Reached XP level 7. HP: 57/75 MP: 7/7
  3360 | D:4      | Reached skill level 1 in Stealth
  4289 | D:4      | Found a glowing golden altar of the Shining One.
  4372 | D:5      | Entered Level 5 of the Dungeon
  4462 | D:5      | Reached *** piety under Trog
  4510 | D:5      | Found a glowing drain.
  4518 | Sewer    | Entered a sewer
  4696 | Sewer    | Found a white marble altar of Elyvilon.
  4948 | D:5      | Reached XP level 8. HP: 78/84 MP: 8/8
  5034 | D:5      | Splashed by a jelly's acid

Vault maps used:
D:1:      eino_arrival_cavern_a, st_stairs_10, hangedman_glass_teeth
D:2:      glass_columns_b, uniq_sigmund
D:3:      zin_angel, first_ration, chequers_ecumenical_altar_simple
D:4:      lemuel_round_altar
D:5:      kennysheep_little_box, basic_altar, lightli_sewer_entry_pipes
Sewer:    sewer_kobolds

Skill      XL: |  1  2  3  4  5  6  7 |
---------------+----------------------+-----
Dodging        | 3 4 |  4.7
Maces & Flails | 3 4 5 6 |  6.1
Fighting       | 5 6 |  6.8
Stealth        | 1 |  1.2

Action                   |  1- 3 |  4- 6 |  7- 9 || total
-------------------------+-------+-------+-------++-------
Melee: Mace              |    77 |   105 |   223 ||   405
Invok: Berserk           |     1 |     2 |     3 ||     6
       Trog's Hand       |       |       |     1 ||     1
  Use: Scroll            |       |       |    14 ||    14
       Potion            |       |       |     1 ||     1
 Stab: Sleeping          |       |     1 |     1 ||     2
  Eat: Chunk             |     1 |     8 |     8 ||    17
       Ration            |       |       |     1 ||     1
Armor: Animal skin       |    15 |    20 |    52 ||    87
Dodge: Dodged            |    36 |    50 |   156 ||   242

Table legend:
 A = Spawn XP
 B = Non-spawn XP
 C = Spawn XP percentage of total XP
 D = Spawn monster count
 E = Non-spawn monster count
 F = Spawn count percentage of total count
 G = Total turns spent on level
                    A         B        C        D         E        F      G
               +---------+---------+-------+---------+---------+-------+---------
         Total |       0 |    1230 |   0.0 |       0 |      83 |   0.0 |  5034
               +---------+---------+-------+---------+---------+-------+---------
           D:1 |       0 |      29 |   0.0 |       0 |      14 |   0.0 |  1334
           D:2 |       0 |     284 |   0.0 |       0 |      10 |   0.0 |   920
           D:3 |       0 |      37 |   0.0 |       0 |       8 |   0.0 |   788
           D:4 |       0 |     616 |   0.0 |       0 |      30 |   0.0 |  1330
           D:5 |       0 |     138 |   0.0 |       0 |      13 |   0.0 |   422
         Sewer |       0 |     126 |   0.0 |       0 |       8 |   0.0 |   240
               +---------+---------+-------+---------+---------+-------+---------
